 Dungeon Crawl Stone Soup version 0.31.0-12-g77e489cdc1 (webtiles) character file.

Game seed: 11649542622057000566

46 Gadfly the Shooter (level 3, 0/19 (22) HPs)
             Began as a Kobold Hunter on Feb 14, 2024.
             Slain by Terence
             ... wielding a +4 flail of draining
              (4 damage)
             ... on level 2 of the Dungeon.
             The game lasted 00:03:06 (1445 turns).

Gadfly the Shooter (Kobold Hunter)                  Turns: 1445, Time: 00:03:07

HP:   0/19 (22)     AC:  3    Str:  7 (8)  XL:     3   Next: 95%
MP:   4/4           EV: 14    Int:  7 (10) God:
Gold: 75            SH:  0    Dex: 17 (20) Spells: 2/2 levels left

rFire   . . .        a - +0 shortbow
rCold   . . .        (shield currently unavailable)
rNeg    . . .        c - +0 leather armour
rPois   .            (no helmet)
rElec   .            (no cloak)
rCorr   .            (no gloves)
SInv    .            (no boots)
Will    .....        (no amulet)
Stlth   +++          (no ring)
HPRegen 0.23/turn    (no ring)
MPRegen 0.09/turn

%: no passive effects
@: heavily drained
A: small, no large weapons, nightstalker 3
a: no special abilities


You were on level 2 of the Dungeon.
You visited 1 branch of the dungeon, and saw 2 of its levels.

You collected 75 gold pieces.

Inventory:

Hand Weapons
 a - a +0 shortbow (weapon)
Armour
 c - a +0 leather armour (worn)
Scrolls
 b - a scroll of butterflies
 d - a scroll of identify
 e - a scroll of blinking


   Skills:
 + Level 2.6 Fighting
 + Level 5.6 Ranged Weapons
 + Level 2.8 Dodging
 - Level 1.3 Stealth
 * Level 1.5 Invocations
 * Level 1.9 Evocations


You had 2 spell levels left.
You didn't know any spells.
Your spell library contained the following spells:

 Spells                   Type           Power      Damage    Failure   Level
 Foxfire                  Conj/Fire      0%         2x1d4     56%         1
 Plasma Beam              Fire/Air       0%         2x1d10    100%        6
 Starburst                Conj/Fire      0%         6d3       100%        6


Dungeon Overview and Level Annotations

Branches:
Dungeon (2/15)

Altars:

Annotations:
D:2 Terence


Innate Abilities, Weirdness & Mutations

You are small and have problems with some larger weapons.
You are completely attuned to the shadows.


Message History

Terence barely misses you.
You shoot an arrow.
The arrow hits Terence but does no damage.
Terence is severely wounded.
You hear a shout!
The rat closely misses you.
Terence hits you with a +4 flail of draining!
You feel drained.
* * * LOW HITPOINT WARNING * * *
A goblin comes into view. It is wielding a +0 dagger.
The goblin hits you but does no damage. The rat attacks as it pursues you!
The rat bites you.
* * * LOW HITPOINT WARNING * * *
The rat attacks as it pursues you! The rat completely misses you.
Okay, then.
Okay, then.
It was a potion of degeneration.
There was something very wrong with that liquid.
You feel weakened.
You feel dopey.
You feel clumsy.
A quokka comes into view.
The rat bites you.
* * * LOW HITPOINT WARNING * * *
You aren't carrying any potions.
Unknown command.
As you read the scroll of revelation, it crumbles to dust.
You feel aware of your surroundings. The rat bites you but does no damage.
The rat attacks as it pursues you! The rat misses you.
The air fills with toxic fumes!
As you read the scroll labelled KUNEDUMMUNIZ, it crumbles to dust.
It was a scroll of poison.
The rat closely misses you.
Okay, then.
Okay, then.
You are too injured to fight recklessly!
You shoot an arrow. The arrow hits the rat.
You kill the rat!
You shoot an arrow. The arrow hits Terence.
Terence is severely wounded.
Terence hits you with a +4 flail of draining.
You die...
Terence says, "That felt goooood."

****,*,~,,,,,,,,,,,,,,**#≈≈≈~.~~
*,,,,,###.........***,*≈≈≈≈≈~.~~
**,,,,,............***,####...~..
,,,,,,~.~...........,,,***'###...
*,,,*,~~....§§.....#.**,,,,,,,,**
~*,~~~,♣~~..§.gg...#.*,,<,,,,,,*
*~~,,,*.~..###r#####.*,,,,,,,,,*
~~,~~,~♣...###§@####.*,,,,**,***
~,,,~**...#####§@###.,,,,,**,*
,~~*,~,..♣*#####§####**,,,**,****
~~~*~,~*~,*#####§§### *,,,**,**,,
~*,*,,,*~**######§§## ******,**,,
*~,**~~*~* ######§§#### *,,,,,
,,,******* ##....# ****,, ****
####.#### **+ #....## *.
####†.#####.


You could see Terence, a quokka and a goblin.

Vanquished Creatures
  A gnoll (D:1)
  2 dart slugs
  4 endoplasms
  A giant cockroach (D:1)
  A goblin (D:2)
  3 hobgoblins
  2 jackals (D:1)
  A quokka (D:2)
  3 ball pythons (D:1)
  2 bats (D:1)
  3 frilled lizards
  4 kobolds
  6 rats
33 creatures vanquished.

Notes
Turn   | Place    | Note
-------+----------+-------------------------------------------
     0 | D:1      | Gadfly the Kobold Hunter began the quest for the Orb.
     0 | D:1      | Reached XP level 1. HP: 12/12 MP: 1/1
    75 | D:1      | Reached XP level 2. HP: 18/18 MP: 2/2
   446 | D:1      | Reached skill level 1 in Invocations
   446 | D:1      | Reached skill level 1 in Evocations
   446 | D:1      | Reached XP level 3. HP: 7/22 MP: 3/3
  1430 | D:2      | Noticed Terence
  1445 | D:2      | Slain by Terence

Illustrated notes

Levels and vault maps discovered:
D:1:      minmay_arrival_doors, layout_basic
D:2:      layout_basic, serial_rivers, chequers_serial_rivers_micro_b,
          chequers_serial_rivers_small_3, chequers_serial_rivers_marsh,
          chequers_serial_rivers_large_b, uniq_terence

Skill      XL: |  1  2 |
---------------+-------+-----
Invocations    | 1 |  1.5
Evocations     | 1 |  1.9
Fighting       | |  2.6
Ranged Weapons | |  5.6
Dodging        | |  2.8
Stealth        | |  1.3

Action                     || total
---------------------------++-------
   Fire: Shortbow          ||    82
    Use: Scroll            ||     7
         Potion            ||     1
 Armour: Leather armour    ||    18
  Dodge: Dodged            ||    21
